 Dungeon Crawl Stone Soup version 0.22-a0-782-g038298e (webtiles) character file.

108 iamserjio the Firebug (level 4, 0/24 HPs)
             Began as a Tengu Fire Elementalist on July 20, 2018.
             Slain by a quasit (1 damage)
             ... on level 3 of the Dungeon.
             The game lasted 00:08:06 (972 turns).

iamserjio the Firebug (Tengu Fire Elementalist)      Turns: 972, Time: 00:08:07

Health: 0/24       AC:  2    Str:  8      XL:     4   Next: 87%
Magic:  1/9        EV: 12    Int: 17      God:
Gold:   51         SH:  0    Dex:  8 (14) Spells: 1/9 levels left

rFire    . . .     SeeInvis .   d - +0 short sword
rCold    . . .     Gourm    .   (no shield)
rNeg     . . .     Faith    .   a - +0 robe
rPois    .         Spirit   .   (helmet restricted)
rElec    .         Reflect  .   (no cloak)
rCorr    .         Harm     .   (no gloves)
MR       .....                  (boots unavailable)
Stlth    ++........             (no amulet)
HPRegen  0.08/turn              (no ring)
MPRegen  0.11/turn              (no ring)

@: no status effects
A: beak, talons 3
a: no special abilities


You were on level 3 of the Dungeon.
You were hungry.

You visited 1 branch of the dungeon, and saw 3 of its levels.

You collected 51 gold pieces.

Inventory:

Hand Weapons
 d - a +0 short sword (weapon)
 p - a +0 dagger of freezing
 t - a +0 hunting sling
Missiles
 g - 69 stones (quivered)
 q - 14 poisoned needles
Armour
 a - a +0 robe (worn)
 e - a +0 buckler
Scrolls
 b - 3 scrolls of identify {unknown}
 h - 6 scrolls of remove curse {unknown}
 i - 2 scrolls of amnesia {unknown}
 l - a scroll of enchant armour {unknown}
 n - a scroll of enchant weapon {unknown}
 r - a scroll of teleportation {unknown}
Potions
 f - 3 potions of ambrosia {unknown}
 j - 2 potions of might {unknown}
 k - 2 potions of heal wounds {unknown}
 m - a potion of flight {unknown}
 s - a potion of curing {unknown}
Comestibles
 c - 3 rations


   Skills:
 + Level 2.6 Dodging
 - Level 2.0 Stealth
 * Level 3.0 Spellcasting
 * Level 3.4 Conjurations
 + Level 4.1 Fire Magic


You had one spell level left.
You knew the following spells:

 Your Spells              Type           Power        Failure   Level  Hunger
a - Flame Tongue          Conj/Fire      ###..        3%          1    None
b - Conjure Flame         Conj/Fire      ###.....     11%         3    ###....
c - Sticky Flame          Conj/Fire      ###.....     36%         4    ####...

Your spell library contained the following spells:

 Spells                   Type           Power        Failure   Level  Hunger
 Fireball                 Conj/Fire      ###.......   71%         5    ######.
 Throw Flame              Conj/Fire      ###...       5%          2    ##.....
 Inner Flame              Hex/Fire       #.......     22%         3    ###....


Dungeon Overview and Level Annotations

Branches:
Dungeon (3/15)

Altars:
Cheibriados
Elyvilon
Fedhas
Gozag

Annotations:
D:3 Natasha


Innate Abilities, Weirdness & Mutations

You have a beak for a mouth.
You have claws for feet.


Message History

Aim: a quasit (moderately wounded)
The flame tongue hits the quasit.
The quasit resists.
The quasit is heavily wounded.
The quasit bites you.
* * * LOW HITPOINT WARNING * * *
The quasit closely misses you. The quasit claws you.
* * * LOW HITPOINT WARNING * * *
The quasit bites you.
* * * LOW HITPOINT WARNING * * *
The quasit completely misses you. The quasit claws you.
* * * LOW HITPOINT WARNING * * *
You feel clumsy. The quasit bites you.
* * * LOW HITPOINT WARNING * * *
The quasit claws you but does no damage.
The quasit barely misses you. The quasit misses you.
The quasit barely misses you. The quasit misses you.
Your magical contamination has completely faded away.
The quasit misses you. The quasit barely misses you. The quasit claws you.
You die...

....
########..#....#
..... #. ##.#....#
...... #.# #.†....#
... #.# #..#..##
...###.# #####....##
..#.#.#
####........#
♣.♣..###<...##..####
♣.♣..)..##5....#
♣♣...##..@.##..#
♣.......#####..#
♣...#######....# ♣♣
♣♣..# #.......#
♣.♣♣.o.## #.....#.#
♣.(♣...# #..####.#
♣♣♣♣.♣o#...### #.#
♣..(♣..###.# #.#
...♣.♣..(## ..# #.#


You could see a quasit.

Vanquished Creatures
  An orc wizard (D:3)
  3 adders
  2 worms (D:2)
  A dart slug (D:2)
  2 orcs (D:3)
  5 bats
  2 giant cockroaches
  5 goblins
  4 hobgoblins
  3 jackals
  A quokka (D:3)
  A ball python (D:2)
  4 frilled lizards
  4 kobolds
  5 rats
43 creatures vanquished.

Notes
Turn   | Place    | Note
-------+----------+-------------------------------------------
     0 | D:1      | iamserjio the Tengu Fire Elementalist began the quest for the Orb.
     0 | D:1      | Reached XP level 1. HP: 10/10 MP: 4/4
   124 | D:1      | Reached XP level 2. HP: 11/15 MP: 1/6
   355 | D:2      | Reached XP level 3. HP: 12/19 MP: 1/7
   438 | D:2      | Learned a level 3 spell: Conjure Flame
   451 | D:3      | Found a blossoming altar of Fedhas.
   451 | D:3      | Found an opulent altar of Gozag.
   451 | D:3      | Found a snail-covered altar of Cheibriados.
   451 | D:3      | Found a white marble altar of Elyvilon.
   473 | D:3      | Noticed Natasha
   604 | D:2      | Reached XP level 4. HP: 9/24 MP: 2/9
   760 | D:1      | Reached skill level 4 in Fire Magic
   947 | D:2      | Learned a level 4 spell: Sticky Flame
   962 | D:3      | HP: 1/24 [quasit (2)]
   972 | D:3      | Slain by a quasit

Vault maps used:
D:1:      dpeg_arrival_ternary, minmay_split_cup_large
D:2:      first_ration
D:3:      chequers_temple_overflow_statue_of_worship,
          chequers_ecumenical_altar_grove, uniq_natasha

Skill      XL: |  1  2  3  4 |
---------------+-------------+-----
Conjurations   | 2 3 |  3.4
Fire Magic     | 4 |  4.1
Spellcasting   | 3 |  3.0
Dodging        | |  2.6
Stealth        | |  2.0

Action                   |  1- 3 |  4- 6 || total
-------------------------+-------+-------++-------
Melee: Unarmed           |    13 |       ||    13
       Peck              |     5 |     2 ||     7
       Kick              |     4 |     3 ||     7
       Short sword       |     7 |    11 ||    18
       Dagger            |     2 |       ||     2
 Cast: Flame Tongue      |    52 |    31 ||    83
Armor: Robe              |     4 |    11 ||    15
Dodge: Dodged            |    28 |    29 ||    57

Table legend:
 A = Spawn XP
 B = Non-spawn XP
 C = Spawn XP percentage of total XP
 D = Spawn monster count
 E = Non-spawn monster count
 F = Spawn count percentage of total count
 G = Total turns spent on level
                    A         B        C        D         E        F      G
               +---------+---------+-------+---------+---------+-------+---------
         Total |       0 |     155 |   0.0 |       0 |      43 |   0.0 |   972
               +---------+---------+-------+---------+---------+-------+---------
           D:1 |       0 |      27 |   0.0 |       0 |      18 |   0.0 |   339
           D:2 |       0 |      60 |   0.0 |       0 |      17 |   0.0 |   511
           D:3 |       0 |      68 |   0.0 |       0 |       8 |   0.0 |   122
               +---------+---------+-------+---------+---------+-------+---------
